 Dungeon Crawl Stone Soup version 0.30-a0-900-g23479c02f2 (webtiles) character file.

Game seed: 16750687018023537739

2051 cforsyth the Fighter (level 9, -5/100 HPs)
             Began as an Ogre Gladiator on Mar 19, 2023.
             Was a Believer of Okawaru.
             Slain by an orc
             ... wielding a +2 dagger of protection
              (6 damage)
             ... on level 8 of the Dungeon.
             The game lasted 00:15:35 (7872 turns).

cforsyth the Fighter (Ogre Gladiator)               Turns: 7872, Time: 00:15:36

Health: -5/100     AC:  5    Str: 24    XL:     9   Next: 25%
Magic:  9/9        EV: 11    Int:  9    God:    Okawaru [**....]
Gold:   290        SH:  5    Dex: 10    Spells: 8/8 levels left

rFire   . . .      SeeInvis .    F - +3 war axe
rCold   . . .      Faith    .    (no shield)
rNeg    . . .      Spirit   .    b - +0 robe
rPois   .          Reflect  +    c - +1 hat
rElec   .          Rampage  .    k - +0 cloak
rCorr   +                        (gloves unavailable)
Will    .....                    (boots unavailable)
Stlth   +                        y - amulet of reflection
HPRegen 0.36/turn                f - ring of resist corrosion
MPRegen 0.11/turn                (no ring)

@: about to teleport, weakened
A: large, unfitting armour, tough skin 1
a: Renounce Religion, Heroism


You were on level 8 of the Dungeon.
You worshipped Okawaru.
Okawaru was pleased with you.
You visited 2 branches of the dungeon, and saw 9 of its levels.
You also visited: Sewer.

You collected 290 gold pieces.

Inventory:

Hand Weapons
 a - a +1 war axe of chaos
 F - a +3 war axe (weapon)
Missiles
 d - 5 throwing nets (quivered)
 e - a large rock
Armour
 b - a +0 robe (worn)
 c - a +1 hat (worn)
 k - a +0 cloak (worn)
 A - a scarf of repulsion
Jewellery
 f - a ring of resist corrosion (left hand)
 y - an amulet of reflection (around neck)
Wands
 q - a wand of mindburst (8)
Scrolls
 g - 3 scrolls of enchant weapon
 i - 3 scrolls of amnesia
 o - a scroll of enchant armour
 s - a scroll of teleportation
 B - 3 scrolls of immolation
 G - a scroll of fog
Potions
 h - a potion of resistance {unknown}
 j - 2 potions of cancellation
 l - a potion of ambrosia {unknown}
 n - a potion of lignification
 p - a potion of haste {unknown}
 r - 2 potions of mutation
 t - 2 potions of invisibility {unknown}
 u - 2 potions of attraction {unknown}
 v - 2 potions of magic
 w - a potion of might {unknown}
 x - a potion of berserk rage {unknown}
 z - 4 potions of brilliance {unknown}
 D - 2 potions of degeneration {unknown}


   Skills:
 + Level 9.4 Fighting
 + Level 7.5 Axes
 - Level 2.0 Throwing
 + Level 6.8 Dodging


You had 8 spell levels left.
You didn't know any spells.
Your spell library contained the following spells:

 Spells                   Type           Power      Damage    Failure   Level
 Apportation              Tloc           0%         N/A       38%         1
 Foxfire                  Conj/Fire      0%         2x1d4     38%         1
 Lesser Beckoning         Tloc           0%         N/A       52%         2
 Gell's Gravitas          Tloc           0%         N/A       77%         3
 Teleport Other           Tloc           0%         N/A       77%         3
 Olgreb's Toxic Radiance  Pois           0%         N/A       99%         4
 Alistair's Intoxication  Tmut/Pois      0%         N/A       100%        5
 Blade Hands              Tmut           0%         N/A       100%        5
 Fireball                 Conj/Fire      0%         3d3       100%        5
 Iron Shot                Conj/Erth      0%         9d1       100%        6
 Starburst                Conj/Fire      0%         6d3       100%        6
 Ozocubu's Refrigeration  Ice            0%         4d7       100%        7
 Ignition                 Fire           0%         3d3       100%        8
 Animate Armour           Summ/Erth      Unusable   N/A       N/A         4

Dungeon Overview and Level Annotations

Branches:
Dungeon (8/15)             Temple (1/1) D:5           Sewer (visited)
   Lair: D:8-11

Altars:
Ashenzari
Dithmenos
Fedhas
Kikubaaqudgha
Okawaru
Qazlal
Ru
Uskayaw
Vehumet
Xom
Yredelemnul
Zin


Innate Abilities, Weirdness & Mutations

You are too large for most types of armour.
You have tough skin. (AC +1)


Message History

The orc wizard is heavily wounded.
You slash the sky beast!
The orc wizard hits you but does no damage.
The sky beast hits you but does no damage.
You hit the orc wizard but do no damage.
The orc wizard is heavily wounded.
You hit the sky beast.
Your attacks no longer feel as feeble.
The orc wizard gestures at you while chanting.
You are confused.
The sky beast completely misses you.
The orc wizard hits you but does no damage.
It was a potion of cancellation.
Your magical effects are unravelling.
You feel magically purged.
You feel less wooden.
Your +0 cloak unmelds from your body.
Your +1 hat unmelds from your body.
Your +0 robe unmelds from your body.
You feel less confused.
The gnoll is no longer moving quickly.
The sky beast hits you.
* * * LOW HITPOINT WARNING * * *
The sky beast shocks you.
* * * LOW HITPOINT WARNING * * *
The orc hits you with a +2 dagger of protection.
* * * LOW HITPOINT WARNING * * *
The gnoll bouda gazes fiercely through you!
You feel your attacks grow feeble. The orc wizard barely misses you.
It was a potion of magic.
Magic courses through your body. The sky beast barely misses you.
The orc wizard hits you but does no damage.
You block the orc's attack.
Okay, then.
As you read the scroll of teleportation, it crumbles to dust.
You feel strangely unstable. The sky beast hits you.
* * * LOW HITPOINT WARNING * * *
The sky beast shocks you.
* * * LOW HITPOINT WARNING * * *
The orc hits you with a +2 dagger of protection.
You die...

........#
#.......#
#.......#
#.......#
#.......#
#.....# #oo)# ##
#@#########g..##
#.Yggggg<.......
###########...##
##


You could see a sky beast, a gnoll bouda, an orc wizard, 4 gnolls and an orc.

Vanquished Creatures
  Sigmund (D:3)
  A wyvern (D:7)
  A steam dragon (D:5)
  A water moccasin (D:6)
  A black bear (D:4)
  An ogre (D:5)
  A centaur (D:6)
  A phantom (D:6)
  A gnoll sergeant (D:5)
  3 wights (D:6)
  A howler monkey (D:7)
  7 orc priests
  A hound (D:4)
  4 jellies
  Jessica (D:3)
  2 iguanas
  7 orc wizards
  4 gnolls
  2 river rats (Sewer)
  8 adders
  A shadow imp (D:5)
  An ufetubus (D:6)
  2 worms
  A dart slug (D:5)
  42 orcs
  3 bats
  12 endoplasms
  5 giant cockroaches
  6 goblins
  10 hobgoblins
  8 kobolds
  2 quokkas
  11 ball pythons
  8 frilled lizards
  10 rats
171 creatures vanquished.

Notes
Turn   | Place    | Note
-------+----------+-------------------------------------------
     0 | D:1      | cforsyth the Ogre Gladiator began the quest for the Orb.
     0 | D:1      | Reached XP level 1. HP: 22/22 MP: 1/1
   112 | D:1      | Reached skill level 3 in Fighting
   172 | D:1      | Reached XP level 2. HP: 30/31 MP: 2/2
   570 | D:1      | Reached XP level 3. HP: 37/37 MP: 3/3
  1187 | D:2      | Found a radiant altar of Vehumet.
  1496 | D:2      | Reached XP level 4. HP: 46/48 MP: 4/4
  1515 | D:2      | Found a faded altar of an unknown god.
  1834 | D:3      | Reached skill level 4 in Fighting
  1851 | D:3      | Noticed Sigmund
  2326 | D:3      | Reached XP level 5. HP: 52/55 MP: 5/5
  2335 | D:3      | Noticed Jessica
  2349 | D:3      | Killed Jessica
  2670 | D:4      | Noticed a black bear
  2678 | D:4      | Killed a black bear
  2679 | D:4      | Reached skill level 5 in Fighting
  2679 | D:4      | Reached XP level 6. HP: 44/66 MP: 6/6
  3570 | D:3      | Reached skill level 5 in Axes
  3900 | D:5      | Entered Level 5 of the Dungeon
  3976 | D:5      | Reached skill level 6 in Fighting
  3976 | D:5      | Reached XP level 7. HP: 30/75 MP: 7/7
  4927 | D:3      | Killed Sigmund
  4928 | D:3      | Reached skill level 5 in Dodging
  5024 | D:5      | Found a staircase to the Ecumenical Temple.
  5042 | Temple   | Entered the Ecumenical Temple
  5051 | Temple   | Became a worshipper of Warmaster Okawaru
  5591 | D:6      | Reached skill level 7 in Fighting
  5598 | D:6      | Reached XP level 8. HP: 22/87 MP: 8/8
  5753 | D:6      | Reached * piety under Okawaru
  5790 | D:6      | Found a glowing drain.
  5799 | Sewer    | Entered a sewer
  6009 | Sewer    | Reached skill level 8 in Fighting
  6126 | Sewer    | Found a viscous altar of Jiyva.
  6704 | D:5      | Reached ** piety under Okawaru
  6705 | D:5      | Reached XP level 9. HP: 52/97 MP: 9/9
  6865 | D:5      | Reached skill level 9 in Fighting
  7832 | D:7      | HP: 1/98 [orc priest/divine providence (15)]
  7872 | D:8      | HP: 1/100 [sky beast (5)]
  7872 | D:8      | Slain by an orc

Illustrated notes

Levels and vault maps discovered:
D:1:      onia_arrival_pyramid, layout_basic, minmay_misc_feat_diagonals,
          chequers_serial_rivers_micro_b
D:2:      layout_loops_ring, hellmonk_ecumenical_altar_defaced_shrine,
          basic_altar, serial_co_window_serial, co_window_paths_a,
          co_window_paths_a, co_window_paths_a, co_window_of_opportunity_a,
          co_window_corner_a, co_window_broadway_c, co_window_broadway_c,
          co_window_corner_ca, co_window_4corner_a, glass_columns_a,
          glass_columns_c
D:3:      layout_rooms, moated_statue, minmay_pentomino_pile, uniq_jessica,
          uniq_sigmund
D:4:      layout_basic
D:5:      nicolae_cairo_tiling, layout_loops_ring,
          minmay_temple_entry_enclosed_plants, serial_bayou_pond_b
D:6:      layout_basic, portal_sewer_entry_d
D:7:      layout_loops_ring
D:8:      layout_loops_ring
Temple:   grunt_wide_crystal_templ

Skill      XL: |  1  2  3  4  5  6  7  8  9 |
---------------+----------------------------+-----
Fighting       | 3 4 5 6 7 8 9 |  9.4
Dodging        | 3 4 5 6 |  6.8
Axes           | 4 5 7 |  7.5
Throwing       | |  2.0

Action                     |  1- 3 |  4- 6 |  7- 9 || total
---------------------------+-------+-------+-------++-------
  Melee: War axe           |    97 |   162 |   234 ||   493
         Punch             |       |     1 |     3 ||     4
  Evoke: Wand              |       |       |     7 ||     7
    Use: Scroll            |       |     4 |    12 ||    16
         Potion            |       |       |     7 ||     7
   Stab: Distracted        |       |       |     1 ||     1
 Armour: Robe              |    31 |    68 |    56 ||   155
         Skin              |       |       |    16 ||    16
  Dodge: Dodged            |    47 |    77 |   121 ||   245
         Repelled          |       |       |     1 ||     1
  Block: Other             |       |     2 |    65 ||    67
         Reflection        |       |       |     2 ||     2

Table legend: (Time is in decaauts)
 A = Elapsed time spent in this place.
 B = Non-inter-level travel time spent in this place.
 C = Inter-level travel time spent in this place.
 D = Time resting spent in this place.
 E = Time spent auto-exploring this place.
 F = Levels seen in this place.
 G = Mean time per level.
                   A        B        C        D        E       F      G
               +--------+--------+--------+--------+--------+-----+--------+
         Total |   8001 |   7630 |    371 |    887 |   5018 |  10 |  800.1 |
       Dungeon |   7156 |   6794 |    362 |    473 |   4739 |   8 |  894.5 |
        Temple |    443 |    434 |      9 |    414 |      0 |   1 |  443.0 |
         Sewer |    402 |    402 |      0 |      0 |    279 |   1 |  402.0 |
               +--------+--------+--------+--------+--------+-----+--------+

Top non-repeatable levels by time:
     D:3: 1411 daAuts
     D:5: 1408 daAuts
     D:6: 1230 daAuts
     D:2: 1140 daAuts
     D:4: 925 daAuts
     D:1: 742 daAuts
  Temple: 443 daAuts
   Sewer: 402 daAuts
     D:7: 259 daAuts
     D:8: 38 daAuts
